Map: Solaris LE

Players

Swarm

  • Race: Zerg Zerg
  • League: Diamond
  • Spawn Location: 7:00

SubN - Winner!

  • Race: Zerg Zerg
  • League: Diamond
  • Spawn Location: 1:00

VOD

Have the link to the VOD?

Description

Time

  • Played on: Jan. 22, 2024, 11:52 p.m.
  • Length: 12:04
Show
View Real Time Build Order
Export as new Build Order

Swarm Zerg 

Build Orders: Pool First 

Get SALT Encoding   

  12  0:01  Drone  
  13  0:12  Drone  
  14  0:20  Overlord  
  14  0:33  Spawning Pool  
  13  0:36  Drone  
  13  0:40  Drone  
  15  0:45  Drone  
  15  0:48  Drone  
  17  1:09  Hatchery  
  16  1:21  Zergling x6  
  19  1:28  Queen  
  21  1:34  Overlord  
  21  1:40  Extractor  
  21  1:43  Drone  
  21  2:00  Drone  
  22  2:04  Queen  
  22  2:07  Drone  
  25  2:15  Drone  
  26  2:24  Drone  
  27  2:35  Drone x2  
  29  2:37  Queen  
  29  2:41  Metabolic Boost  
  29  2:43  Queen  
  32  2:54  Drone x5  
  36  3:01  Spine Crawler  
  35  3:32  Baneling Nest  
  34  3:35  Hatchery, Evolution Chamber  
  32  3:46  Drone x3  
  35  3:51  Drone  
  35  3:52  Overlord  
  35  3:53  Overlord  
  36  4:13  Zergling x26  
  49  4:23  Extractor  
  49  4:24  Drone  
  49  4:45  Baneling x2  
  49  4:46  Baneling x5  
  49  4:48  Zergling x8  
  48  4:53  Zergling x6  
  43  5:12  Zergling x4  
  43  5:13  Zergling x8  
  47  5:28  Zergling x6, Hatchery  
  47  5:29  Zergling x6, Hatchery  
  46  5:37  Zergling x8  
  49  5:45  Zerg Ground Armor Level 1  
  43  5:58  Drone x6  
  49  6:24  Overlord x2  
  49  6:27  Lair  
  49  6:30  Roach Warren  
  48  6:33  Drone x2  
  48  6:34  Drone x2  
  51  6:50  Drone x7  
  51  7:12  Roach x5  
  51  7:13  Roach x3  
  67  7:27  Drone  
  68  7:31  Glial Reconstitution  
  68  7:33  Roach x5  
  78  7:40  Overlord, Extractor  
  78  7:41  Overlord x2  
  77  8:03  Drone x5  
  77  8:05  Overlord x3  
  82  8:08  Roach x6  
  82  8:12  Zerg Missile Weapons Level 1  
  94  8:19  Extractor  
  93  8:25  Drone x2  
  93  8:26  Drone  
  96  8:27  Drone x2  
  96  8:28  Drone  
  98  8:58  Drone x3, Extractor  
  98  9:00  Roach x10  
  98  9:02  Overlord x5  
  120  9:21  Roach x10  
  140  9:27  Overlord x4, Extractor  
  139  9:35  Infestation Pit  
  134  9:56  Roach x2  
  134  9:57  Roach x9  
  134  10:02  Roach x3  
  122  10:10  Roach x3  
  122  10:13  Zergling x14  
  112  10:27  Hive  
  103  10:28  Zergling x10  
  103  10:35  Zergling x4  
  100  10:39  Zergling x4  
  94  10:45  Roach x4  
  93  10:50  Roach  
  93  10:51  Roach x5  
  95  10:58  Overseer  
  95  11:03  Drone  
  91  11:04  Drone x2  
  91  11:10  Roach  
  91  11:11  Roach x5  
  102  11:20  Overseer  
  102  11:29  Roach x4  
  102  11:30  Roach x3  
  109  11:33  Zergling x6  
Show
View Real Time Build Order
Export as new Build Order

SubN Zerg - Winner!

Build Orders: Hatch First 

Get SALT Encoding   

  12  0:00  Drone  
  13  0:12  Overlord  
  13  0:16  Drone  
  14  0:30  Drone x2  
  16  0:50  Hatchery  
  16  0:51  Drone  
  16  0:54  Drone  
  17  1:01  Drone  
  18  1:05  Extractor  
  17  1:14  Spawning Pool  
  17  1:16  Drone  
  17  1:20  Drone  
  18  1:27  Drone  
  19  1:38  Overlord  
  19  1:50  Drone  
  20  1:59  Drone  
  20  2:00  Queen  
  23  2:03  Queen  
  23  2:05  Drone  
  26  2:10  Drone  
  26  2:15  Metabolic Boost  
  27  2:18  Drone  
  28  2:27  Spine Crawler  
  25  2:31  Zergling x4  
  25  2:46  Zergling x8  
  28  2:54  Drone  
  28  2:58  Queen  
  30  3:03  Drone  
  31  3:10  Queen  
  33  3:16  Overlord  
  33  3:19  Overlord  
  33  3:22  Drone  
  33  3:25  Drone  
  35  3:28  Drone  
  36  3:37  Drone x3  
  39  3:46  Drone x3  
  42  3:48  Drone  
  42  3:54  Drone x2  
  45  4:01  Roach Warren  
  44  4:09  Drone x4  
  48  4:10  Drone  
  49  4:21  Hatchery  
  48  4:31  Drone x4  
  52  4:33  Extractor  
  52  4:35  Extractor  
  50  4:40  Zergling x2  
  50  4:41  Zergling x2  
  50  4:44  Overlord  
  52  4:52  Roach  
  50  4:57  Roach  
  50  5:02  Evolution Chamber  
  50  5:04  Evolution Chamber  
  46  5:11  Drone x2  
  46  5:12  Drone  
  45  5:16  Evolution Chamber  
  45  5:18  Roach x4  
  45  5:21  Evolution Chamber  
  51  5:23  Drone x2  
  53  5:31  Roach  
  53  5:43  Roach x2  
  57  5:52  Drone x3  
  57  5:55  Drone x3  
  63  5:58  Drone x3  
  63  6:01  Overlord  
  66  6:09  Lair  
  66  6:12  Overlord x3  
  66  6:18  Queen  
  66  6:21  Drone  
  66  6:22  Drone  
  70  6:29  Overlord x4  
  70  6:39  Drone x4  
  78  6:47  Roach x4  
  77  7:03  Drone x7  
  77  7:07  Spine Crawler  
  82  7:10  Queen  
  82  7:12  Glial Reconstitution, Zerg Ground Armor Level 1, Zerg Missile Weapons Level 1  
  84  7:16  Drone x3  
  84  7:17  Drone  
  84  7:20  Extractor  
  87  7:32  Drone x7  
  87  7:35  Extractor  
  93  7:47  Drone x3  
  93  7:48  Drone  
  93  7:51  Roach x6  
  99  7:54  Overseer  
  109  8:07  Roach x2  
  113  8:25  Overlord x4  
  113  8:26  Overlord x3  
  113  8:41  Hatchery  
  112  8:49  Roach  
  112  8:50  Roach x13  
  140  9:06  Zerg Ground Armor Level 2, Zerg Missile Weapons Level 2  
  140  9:12  Roach  
  140  9:13  Roach x9  
  152  9:25  Roach  
  152  9:26  Roach x4  
  162  9:33  Overlord x3  
  162  9:48  Roach x4  
  164  9:56  Roach  
  164  9:57  Roach x8  
  156  10:01  Queen  
  156  10:05  Roach x6  
  144  10:16  Roach  
  144  10:17  Roach x3  
  136  10:32  Roach  
  136  10:33  Roach x8  
  146  10:41  Roach x3  
  140  10:47  Roach  
  140  10:48  Roach x5  
  128  11:03  Roach x4  
  128  11:04  Roach x5  
  138  11:10  Roach x2  
  138  11:11  Roach x2  
  140  11:12  Extractor  
  140  11:15  Roach  
  140  11:16  Roach  
  143  11:20  Drone x3  
  143  11:21  Roach x3  
  143  11:22  Roach x2  
  156  11:32  Roach x3  
  162  11:39  Roach x3, Infestation Pit  
  157  11:41  Roach  
Tags
 
Add a new tag
Caveats
  • Supply blocks, unpowered buildings, or Contaminate may cause inaccurate times.
  • Supply counts are checked every 10 seconds.